 Dungeon Crawl Stone Soup version 0.31-a0-325-g067879e3d3 (webtiles) character file.

Game seed: 16000483687345518168

11300 HallandMoats the Fighter (level 11, 0/93 HPs)
             Began as a Demonspawn Brigand on July 19, 2023.
             Was a High Priest of Okawaru.
             Slain by a two-headed ogre
             ... wielding a +0 giant club
              (18 damage)
             ... on level 11 of the Dungeon.
             The game lasted 00:23:36 (12576 turns).

HallandMoats the Fighter (Demonspawn Brigand)      Turns: 12576, Time: 00:23:37

Health: 0/93       AC: 16    Str: 15    XL:     11   Next: 47%
Magic:  13/17      EV: 14    Int: 12    God:    Okawaru [*****.]
Gold:   303        SH:  8    Dex: 16    Spells: 10/10 levels left

rFire   . . .        L - +9 staff of Olgreb {rPois∞}
rCold   . . .        W - +0 buckler
rNeg    . . .        S - +0 acid dragon scales
rPois   ∞            (helmet unavailable)
rElec   .            i - +1 cloak
rCorr   +            O - +0 pair of gloves
SInv    +            h - +0 pair of boots
Will    +....        G - amulet of faith
Stlth   ++           s - +4 ring of protection
HPRegen 0.35/turn    m - ring of willpower
MPRegen 0.30/turn

%: faith
@: no status effects
A: antennae 3, hooves 2, magic regeneration, condensation shield, weakness
stinger 2
a: Renounce Religion, Evoke the Staff of Olgreb, Heroism, Finesse, Duel


You were on level 11 of the Dungeon.
You worshipped Okawaru.
Okawaru was extremely pleased with you.
You visited 2 branches of the dungeon, and saw 12 of its levels.
You also visited: Sewer.

You collected 698 gold pieces.
You spent 395 gold pieces at shops.

Inventory:

Hand Weapons
 a - the +10 great sword "Tormentor" {freeze, Fly Dex+3}
   (You found it in a sewer)

   Dex:       It affects your dexterity (+3).
   Fly:       It grants you flight.
 b - the +3 mace of Tofuc {venom, rPois rCorr Str+4 Int-5}
   (You found it on level 2 of the Dungeon)

   Str:       It affects your strength (+4).
   Int:       It affects your intelligence (-5).
   rPois:     It protects you from poison.
   rCorr:     It protects you from acid and corrosion.
 J - a +4 scimitar of flaming
 L - the +9 staff of Olgreb (weapon) {rPois∞}
   (You found it on level 8 of the Dungeon)

   It enhances your poison magic.
   It grants immunity to poison.
   It can be activated via the 'a'bility menu to radiate toxic energy, with
   effectiveness depending on Evocations skill.
Missiles
 d - 25 poisoned darts (quivered)
 e - 9 curare-tipped darts
 N - 3 atropa-tipped darts
Armour
 h - a +0 pair of boots (worn)
 i - a +1 cloak (worn)
 O - a +0 pair of gloves (worn)
 S - +0 acid dragon scales (worn)
 T - a +4 ring mail of cold resistance
 W - a +0 buckler (worn)
Jewellery
 m - a ring of willpower (right hand)
 s - a +4 ring of protection (left hand)
 G - an amulet of faith (around neck)
 M - the ring "Olouluzxev" {Wiz rC+}
   (You found it on level 6 of the Dungeon)

   [ring of wizardry]

   It improves your spell success rate.
   rC:        It protects you from cold.
Talismans
 R - a serpent talisman
Wands
 p - a wand of light (14)
 w - a wand of flame (61)
 D - a wand of roots (31)
 H - a wand of paralysis (12)
Scrolls
 f - 5 scrolls of teleportation
 j - a scroll of fear
 k - 3 scrolls of blinking
 l - 2 scrolls of enchant weapon {unknown}
 n - a scroll of immolation {unknown}
 t - a scroll of summoning
 u - 3 scrolls of identify
 v - 2 scrolls of poison
 y - 2 scrolls of fog {unknown}
 z - 2 scrolls of enchant armour
 K - a scroll of silence {unknown}
 P - a scroll of amnesia {unknown}
 Q - 3 scrolls of noise {unknown}
 U - a scroll of revelation {unknown}
Potions
 g - 4 potions of haste
 o - 2 potions of berserk rage
 q - 3 potions of lignification {unknown}
 r - 3 potions of heal wounds
 x - 3 potions of might
 A - 2 potions of invisibility
 B - 2 potions of mutation {unknown}
 C - 4 potions of attraction {unknown}
 E - 5 potions of curing
 F - a potion of resistance {unknown}
 I - 3 potions of enlightenment
Miscellaneous
 c - a phial of floods


   Skills:
 * Level 11.4 Fighting
 - Level 1.7 Short Blades
 * Level 4.5 Staves
 - Level 1.7 Throwing
 + Level 7.2 Armour
 + Level 7.2 Dodging
 - Level 3.6 Stealth
 * Level 0.0 Shields
 + Level 8.9 Invocations
 + Level 3.2 Evocations


You had 10 spell levels left.
You didn't know any spells.
Your spell library contained the following spells:

 Spells                   Type           Power      Damage    Failure   Level
 Poisonous Vapours        Pois/Air       0%         N/A       67%         2
 Static Discharge         Conj/Air       0%         2-2/arc   67%         2
 Mephitic Cloud           Conj/Pois/Air  0%         N/A       88%         3
 Ozocubu's Armour         Ice            0%         N/A       88%         3
 Portal Projectile        Hex/Tloc       0%         N/A       88%         3
 Airstrike                Air            0%         2d(0-16)  99%         4
 Iskenderun's Mystic Bla  Conj/Tloc      0%         2d3       99%         4
 Manifold Assault         Tloc           0%         N/A       99%         4
 Freezing Cloud           Conj/Ice/Air   0%         6-21      100%        5
 Metabolic Englaciation   Hex/Ice        0%         N/A       100%        5
 Dispersal                Tloc           0%         N/A       100%        6
 Plasma Beam              Fire/Air       0%         2x1d10    100%        6
 Disjunction              Tloc           0%         N/A       100%        8
 Maxwell's Capacitive Co  Air            0%         ∞         100%        8
 Tukima's Dance           Hex            Unusable   N/A       N/A         3
 Summon Lightning Spire   Summ/Air       Unusable   N/A       N/A         4
 Simulacrum               Ice/Necr       Unusable   N/A       N/A         6

Dungeon Overview and Level Annotations

Branches:
Dungeon (11/15)            Temple (1/1) D:5            Lair (0/5) D:9
    Orc (0/2) D:10          Sewer (visited)

Altars:
Ashenzari
Cheibriados
Dithmenos
Fedhas
Gozag
Hepliaklqana
Kikubaaqudgha
Makhleb
Nemelex Xobeh
Okawaru
Qazlal
Ru
Sif Muna
Trog
Uskayaw
Vehumet
Wu Jian
Xom
Yredelemnul

Shops:
D:8 !   D:9 !   D:10 *

Annotations:
D:8 1 runed translucent door


Innate Abilities, Weirdness & Mutations

You have a pair of large antennae on your head. (SInv)
You have hoof-like feet.
You regenerate magic rapidly.
A meltable shield of frost defends you. (SH +4)
You have a tail ending in a sharp stinger.


Message History

The two-headed ogre looks as sick as possible! x2
Your toxic radiance grows in intensity.
The two-headed ogre looks as sick as possible!
The two-headed ogre attacks as you move away!
The two-headed ogre hits you with a +0 giant club!
You block the two-headed ogre's attack.
The two-headed ogre attacks as you move away!
The two-headed ogre hits you with a +0 giant club!
The two-headed ogre hits you with a +0 giant spiked club!
The two-headed ogre looks as sick as possible!
The two-headed ogre looks as sick as possible!
Your toxic aura wanes.
Found a club.
The two-headed ogre hits you with a +0 giant club!
The two-headed ogre hits you but does no damage.
The two-headed ogre attacks as you move away!
You block the two-headed ogre's attack.
The two-headed ogre hits you with a +0 giant spiked club.
You begin to radiate toxic energy.
The two-headed ogre looks even sicker.
The two-headed ogre looks even sicker.
Your toxic aura wanes.
The two-headed ogre attacks as you move away!
You block the two-headed ogre's attack.
The two-headed ogre hits you with a +0 giant spiked club!
The two-headed ogre attacks as you move away!
You block the two-headed ogre's attack.
The two-headed ogre hits you with a +0 giant spiked club!
The two-headed ogre attacks as you move away!
The two-headed ogre hits you with a +0 giant club!
* * * LOW HITPOINT WARNING * * *
The two-headed ogre closely misses you.
The two-headed ogre attacks as you move away!
The two-headed ogre misses you. You block the two-headed ogre's attack.
The two-headed ogre attacks as you move away!
You block the two-headed ogre's attack.
The two-headed ogre hits you with a +0 giant spiked club.
* * * LOW HITPOINT WARNING * * *
The two-headed ogre attacks as you move away!
The two-headed ogre hits you with a +0 giant club!!
You die...

.....#.....#........#.....#
.....#.....#........#.....+
....##.....##'###+###.....#
....#.....................#
....#....)..<.............######.
#####...)...........###+#........
....................# #........
....................# #.#######
................@O..# +.#
......############..#####.#
......# #........# ......#
#........# ......# #........#
####### #........# ##########


You could see a two-headed ogre (very poisoned).

Vanquished Creatures
  Fannar (D:11)
  A two-headed ogre (D:9)
  Erica (D:8)
  An ugly thing (D:7)
  A komodo dragon (D:9)
  A hornet (D:9)
  Prince Ribbit (D:7)
  A vampire (D:10)
  20 yaks
  A wyvern (D:11)
  2 steam dragons (D:6)
  4 vampire mosquitoes (D:10)
  Menkaure (D:4)
  An acid dragon (D:8)
  A water moccasin (D:5)
  5 orc warriors
  An ogre (D:5)
  4 centaurs
  2 phantoms
  4 bullfrogs
  7 scorpions
  8 wights
  12 killer bees
  4 howler monkeys
  An electric eel (D:9)
  A jelly (D:7)
  2 gnoll boudas
  4 hounds
  12 orc priests
  A sleepcap (D:7)
  4 iguanas
  17 orc wizards
  7 adders
  15 gnolls
  A white imp (D:7)
  A worm (D:3)
  2 dart slugs
  57 orcs
  2 bats (D:2)
  6 endoplasms
  9 giant cockroaches
  5 goblins
  8 hobgoblins
  6 jackals
  10 quokkas
  5 ball pythons
  9 frilled lizards
  10 kobolds
  6 rats
286 creatures vanquished.

Vanquished Creatures (others)
  A human (D:8)
1 creature vanquished.

Grand Total: 287 creatures vanquished

Notes
Turn   | Place    | Note
-------+----------+-------------------------------------------
     0 | D:1      | HallandMoats the Demonspawn Brigand began the quest for the
                  | Orb.
     0 | D:1      | Reached XP level 1. HP: 16/16 MP: 1/1
    45 | D:1      | Reached skill level 1 in Dodging
   246 | D:1      | Discovered your monstrous ancestry.
   246 | D:1      | Gained mutation: You have a pair of small antennae on your
                  | head. [demonic ancestry]
   246 | D:1      | Reached XP level 2. HP: 20/23 MP: 2/2
   941 | D:2      | Reached skill level 1 in Armour
   941 | D:2      | Gained mutation: You regenerate magic rapidly. [demonic
                  | ancestry]
   941 | D:2      | Reached XP level 3. HP: 25/28 MP: 3/3
   950 | D:2      | Reached skill level 3 in Fighting
  1302 | D:2      | Identified the +3 mace of Tofuc {venom, rPois rCorr Str+4
                  | Int-5}
  1316 | D:2      | Identified the +0 robe "Potz" {Str+3}
  1562 | D:3      | Found a sacrificial altar of Ru.
  1580 | D:3      | Gained mutation: You have a pair of antennae on your head.
                  | [demonic ancestry]
  1580 | D:3      | Reached XP level 4. HP: 30/35 MP: 4/4
  1798 | D:3      | Found a glowing drain.
  1802 | Sewer    | Entered a sewer
  1991 | Sewer    | Noticed a bullfrog
  1994 | Sewer    | Noticed a bullfrog
  2000 | Sewer    | Killed a bullfrog
  2000 | Sewer    | Killed a bullfrog
  2001 | Sewer    | Reached skill level 4 in Fighting
  2001 | Sewer    | Gained mutation: You have a small tail. [demonic ancestry]
  2001 | Sewer    | Reached XP level 5. HP: 38/43 MP: 5/5
  2004 | Sewer    | Identified the +10 great sword "Tormentor" {freeze, Fly
                  | Dex+3}
  2301 | D:3      | Found a shadowy altar of Dithmenos.
  2301 | D:3      | Found a hazy altar of Hepliaklqana.
  2304 | D:3      | Noticed a shadow
  3035 | D:4      | Found a radiant altar of Vehumet.
  3072 | D:4      | Found a hide-covered altar of Uskayaw.
  3072 | D:4      | Noticed a phantom
  3075 | D:4      | Killed a phantom
  3076 | D:4      | Reached XP level 6. HP: 50/50 MP: 6/6
  3085 | D:4      | Reached skill level 5 in Fighting
  3258 | D:4      | Found a snail-covered altar of Cheibriados.
  3377 | D:4      | Found a stormy altar of Qazlal.
  3419 | D:4      | Got Sif Muna's Parchment of Air
  3438 | D:4      | Noticed Menkaure
  3445 | D:4      | Killed Menkaure
  3446 | D:4      | Gained mutation: You have large cloven feet. [demonic
                  | ancestry]
  3446 | D:4      | Reached XP level 7. HP: 42/56 MP: 7/7
  3768 | D:5      | Entered Level 5 of the Dungeon
  3768 | D:5      | Found a staircase to the Ecumenical Temple.
  3930 | Temple   | Entered the Ecumenical Temple
  4041 | D:4      | Found an iron altar of Okawaru.
  4133 | D:4      | Became a worshipper of Warmaster Okawaru
  4327 | D:5      | Reached skill level 6 in Fighting
  4327 | D:5      | Reached skill level 1 in Invocations
  4812 | D:5      | Gained mutation: A meltable shield of frost defends you.
                  | (SH +4) [demonic ancestry]
  4812 | D:5      | Reached XP level 8. HP: 52/65 MP: 9/9
  4819 | D:5      | Reached * piety under Okawaru
  4867 | D:5      | Found a shimmering altar of Xom.
  5097 | D:6      | Reached skill level 7 in Fighting
  5950 | D:6      | Identified the ring "Olouluzxev" {Wiz rC+}
  6556 | D:7      | Noticed Prince Ribbit
  6575 | D:7      | Killed Prince Ribbit
  6575 | D:7      | Reached ** piety under Okawaru
  6576 | D:7      | Reached skill level 8 in Fighting
  6576 | D:7      | Reached skill level 5 in Dodging
  6576 | D:7      | Gained mutation: You have a pair of large antennae on your
                  | head. (SInv) [demonic ancestry]
  6576 | D:7      | Reached XP level 9. HP: 38/74 MP: 12/12
  6724 | D:7      | Reached skill level 5 in Invocations
  6956 | D:7      | Reached skill level 5 in Armour
  7305 | D:7      | Noticed a green ugly thing
  7339 | D:7      | Killed a green ugly thing
  7340 | D:7      | Reached skill level 9 in Fighting
  7535 | D:7      | Reached *** piety under Okawaru
  7789 | D:8      | Found an ancient bone altar of Kikubaaqudgha.
  7969 | D:8      | Found a bloodstained altar of Trog.
  8201 | D:8      | Found the +9 staff of Olgreb {rPois∞}
  8231 | D:8      | Found Piycam's Distillery.
  8236 | D:8      | Bought a potion of heal wounds for 65 gold pieces
  8271 | D:8      | Found a runed translucent door.
  8276 | D:8      | Found a runed translucent gate.
  8276 | D:8      | Found a runed translucent gate.
  8277 | D:8      | Found a runed translucent door.
  8287 | D:8      | Found a runed translucent gate.
  8299 | D:8      | Noticed Erica
  8314 | D:8      | Killed Erica
  8314 | D:8      | Reached **** piety under Okawaru
  8315 | D:8      | Reached skill level 10 in Fighting
  8315 | D:8      | Gained mutation: You have hoof-like feet. [demonic
                  | ancestry]
  8315 | D:8      | Reached XP level 10. HP: 33/85 MP: 15/15
  8782 | D:9      | Found a basalt altar of Yredelemnul.
  8795 | D:9      | Reached ***** piety under Okawaru
  9028 | D:9      | Reached skill level 1 in Staves
  9032 | D:9      | Reached skill level 1 in Evocations
  9400 | D:9      | Found Ysyqicom's Distillery.
  9434 | D:9      | Bought a potion of berserk rage for 75 gold pieces
  9434 | D:9      | Bought a potion of invisibility for 120 gold pieces
  9434 | D:9      | Bought a potion of enlightenment for 75 gold pieces
  9434 | D:9      | Bought a potion of might for 60 gold pieces
  9469 | D:9      | Noticed a two-headed ogre
  9517 | D:9      | Killed a two-headed ogre
  9517 | D:9      | Received a gift from Okawaru
  9798 | D:9      | Found a staircase to the Lair.
 10108 | D:10     | Entered Level 10 of the Dungeon
 10172 | D:10     | Gained mutation: You have a tail ending in a sharp stinger.
                  | [demonic ancestry]
 10172 | D:10     | Reached XP level 11. HP: 64/92 MP: 2/17
 10351 | D:10     | Reached skill level 11 in Fighting
 10487 | D:10     | Found a staircase to the Orcish Mines.
 11715 | D:10     | Found Jaetaiz's Lightly-Used Armoury.
 12107 | D:11     | Noticed Fannar
 12120 | D:11     | Killed Fannar
 12120 | D:11     | Received a gift from Okawaru
 12519 | D:11     | Noticed a two-headed ogre
 12576 | D:11     | Slain by a two-headed ogre

Illustrated notes

Levels and vault maps discovered:
D:1:      psy_arrival_terrarium, layout_loops_ring
D:2:      layout_loops_ring, grunt_ministairs_5
D:3:      layout_loops_corners, nicolae_ru_great_annihilating_truth,
          lemuel_tele_altar, riverfiend_overflow_shadow_ancestor,
          gup_sewer_entry_spiral
D:4:      layout_cave_pools, kennysheep_little_box,
          mainiacjoe_overflow_alcove_1, mainiacjoe_overflow_cross_hatched,
          mainiacjoe_overflow_paths, kennysheep_mini_moat, uniq_menkaure
D:5:      layout_loops_cross, tgw_xom, minmay_temple_entry_mist
D:6:      layout_layer_cave
D:7:      minmay_chambers_of_fours, layout_layer_cave,
          overflow_temple_1_default, minmay_misc_feat_secret_circle,
          grunt_ministairs_4, kennysheep_generic_room_13, uniq_prince_ribbit1
D:8:      layout_loops_ring, mainiacjoe_overflow_catwalk, tgw_kikubaaqudgha,
          serial_shops, shop, minmay_guarded_unrand_staff_of_olgreb, uniq_erica
D:9:      layout_basic, old_standard_altar, david_lair_shrubbed, serial_shops,
          shop
D:10:     layout_stronghold, hiddenorc2_lemuel, minmay_shop_damaged
D:11:     layout_irregular_city, uniq_fannar
Temple:   hellmonk_temple_of_storms

Skill      XL: |  1  2  3  4  5  6  7  8  9 10 11 |
---------------+----------------------------------+-----
Dodging        | 1 2 3 4 5 6 7 |  7.2
Armour         | 1 2 3 4 6 7 |  7.2
Fighting       | 3 4 5 6 8 10 11 | 11.4
Invocations    | 2 4 7 8 |  8.9
Staves         | 3 4 |  4.5
Evocations     | 2 3 |  3.2
Short Blades   | |  1.7
Throwing       | |  1.7
Stealth        | |  3.6

Action                     |  1- 3 |  4- 6 |  7- 9 | 10-12 || total
---------------------------+-------+-------+-------+-------++-------
  Melee: Dagger            |    73 |       |       |       ||    73
         Punch             |     1 |       |       |     4 ||     5
         Mace              |    12 |    77 |       |       ||    89
         Great sword       |       |    32 |   195 |    41 ||   268
         Tailslap          |       |     1 |    29 |    35 ||    65
         Staff             |       |       |       |   225 ||   225
  Throw: Dart              |       |     5 |       |     7 ||    12
 Invoke: Heroism           |       |       |     2 |     1 ||     3
Ability: Evoke the Staff o |       |       |       |    36 ||    36
    Use: Scroll            |       |       |     8 |     1 ||     9
         Potion            |       |       |     2 |     2 ||     4
   Stab: Sleeping          |     9 |     2 |     6 |     1 ||    18
         Paralysed         |     2 |       |       |       ||     2
 Armour: Robe              |     9 |       |       |       ||     9
         Ring mail         |    17 |    52 |    39 |       ||   108
         Steam dragon scal |       |       |    39 |       ||    39
         Acid dragon scale |       |       |    20 |   157 ||   177
  Dodge: Dodged            |    42 |    78 |   195 |   285 ||   600
  Block: Other             |       |       |    27 |    77 ||   104
         Buckler           |       |       |       |     6 ||     6

Table legend: (Time is in decaauts)
 A = Elapsed time spent in this place.
 B = Non-inter-level travel time spent in this place.
 C = Inter-level travel time spent in this place.
 D = Time resting spent in this place.
 E = Time spent auto-exploring this place.
 F = Levels seen in this place.
 G = Mean time per level.
                   A        B        C        D        E       F      G
               +--------+--------+--------+--------+--------+-----+--------+
         Total |  12916 |  12555 |    361 |   2060 |   7757 |  13 |  993.5 |
       Dungeon |  12350 |  11989 |    361 |   2060 |   7483 |  11 | 1122.7 |
        Temple |     43 |     43 |      0 |      0 |      0 |   1 |   43.0 |
         Sewer |    522 |    522 |      0 |      0 |    274 |   1 |  522.0 |
               +--------+--------+--------+--------+--------+-----+--------+

Top non-repeatable levels by time:
    D:10: 1848 daAuts
     D:9: 1346 daAuts
     D:6: 1345 daAuts
     D:5: 1245 daAuts
     D:3: 1202 daAuts
     D:8: 1192 daAuts
     D:7: 1163 daAuts
     D:4: 916 daAuts
     D:1: 740 daAuts
     D:2: 713 daAuts
    D:11: 636 daAuts
   Sewer: 522 daAuts
  Temple: 43 daAuts
